Cogmind - Beta 14 @@@ ROGUE MODE // 2024.08.23 @ 16:33:09 Player: lexi^-^ Result: Self-destructed Performance ------------- Evolutions (2) 1000 Regions Visited (9) 1800 Robots Destroyed (83) 415 Value Destroyed (5002) 5002 Prototype IDs (28) 560 Alien Tech Used (0) 0 Bonus (2522) 2522 TOTAL SCORE: 11299 Bonus ------- High Alert Combat Kills 540 Follower Combat Kills 456 Entered Garrisons 400 Used RIF Installer 1000 Aligned with FarCom 300 Friendly Fire -174 Cogmind --------- Core Integrity 254/550 Matter 300/300 Energy 160/160 System Corruption 3% Temperature Warm (108) Movement Walking (125) Location -8/Garrison Parts ------- > --- POWER (1) -------- Light Nuclear Core > --- PROPULSION (2) --- Carbon-fiber Leg Titanium Leg > --- UTILITY (5) ------ Lightpack 2.0 > --- WEAPON (3) ------- Gauss Cannon Gauss Cannon Heavy Rocket Launcher > --- INVENTORY (40) --- Light Ion Engine Reinforced Ion Engine Nuclear Core Light Nuclear Core Light Nuclear Core Aluminum Leg Improved Hover Unit Improved Hover Unit Improved Hover Unit Improved Heat Sink Improved Heat Sink Target Analyzer Light Armor Plating Light Armor Plating Hardlight Generator System Shield Small Laser Shotgun Flak Cannon Hammer Hammer Heavy Hammer Peak State ------------ > --- POWER ------------ Light Nuclear Core > --- PROPULSION ------- Titanium Leg Improved Carbon-fiber Leg > --- UTILITY ---------- Lightpack 2.0 Relay Coupler [Grunt] Relay Coupler [Specialist] > --- WEAPON ----------- Ion Cannon Gauss Cannon Remote Datajack > --- INVENTORY -------- Light Ion Engine Reinforced Ion Engine Nuclear Core Light Nuclear Core Light Nuclear Core Light Nuclear Core Aluminum Leg Carbon-fiber Leg Improved Hover Unit Improved Hover Unit Improved Hover Unit Improved Heat Sink Improved Heat Sink Target Analyzer Light Armor Plating Light Armor Plating Hardened Heavy Armor Plating Hardlight Generator System Shield Authchip [R/Combat] Authchip [R/Combat] Relay Coupler [Swarmer] Relay Coupler [Duelist] Relay Coupler [Sentry] Relay Coupler [Demolisher] Relay Coupler [Hunter] Shock Rifle Small Laser Flak Cannon Gauss Cannon Heavy Rocket Launcher Hammer Hammer Heavy Hammer [Rating: 68] Favorites ----------- Power Light Nuclear Core Engine Ion Engine Power Core Light Nuclear Core Propulsion Carbon-fiber Leg Leg Carbon-fiber Leg Utility Lightpack 2.0 Device Improved Heat Sink Storage Lightpack 2.0 Processor Machine Analyzer Hackware Relay Coupler [Duelist] Protection Light Armor Plating Weapon Ion Cannon Energy Gun Particle Gun Energy Cannon Ion Cannon Ballistic Gun Light Assault Rifle Ballistic Cannon Flak Cannon Launcher Heavy Rocket Launcher Special Weapon Remote Datajack Impact Weapon Heavy Hammer Build | -11 -10 -9 -9 -9 -8 -8 -8 -8 -8 ------- Run | Yrd Mat Mat Min Exi Min Mat Gar Mat Gar Slots Evolved 4 | . . 2 . . . 2 . . . Power . | . . . . . . . . . . Propulsion . | . . . . . . . . . . Utility 3 | . . 1 . . . 2 . . . Weapon 1 | . . 1 . . . . . . . Parts Attached 104 | 7 8 18 2 1 . 18 23 6 21 Power 9 | 1 1 2 . . . 1 3 . 1 Engine 2 | 1 . 1 . . . . . . . Core 7 | . 1 1 . . . 1 3 . 1 Reactor . | . . . . . . . . . . Propulsion 12 | 2 3 2 . . . 1 2 1 1 Treads . | . . . . . . . . . . Leg 12 | 2 3 2 . . . 1 2 1 1 Wheel . | . . . . . . . . . . Hover . | . . . . . . . . . . Flight . | . . . . . . . . . . Utility 25 | 1 1 5 . 1 . 3 1 3 10 Device 5 | . 1 2 . . . 2 . . . Storage 2 | 1 . . . 1 . . . . . Processor 1 | . . 1 . . . . . . . Hackware 12 | . . . . . . . . 3 9 Protection 5 | . . 2 . . . 1 1 . 1 Artifact . | . . . . . . . . . . Weapon 58 | 3 3 9 2 . . 13 17 2 9 Energy Gun 7 | 1 1 . . . . 2 2 . 1 Energy Cannon 8 | . 1 . . . . 2 4 1 . Ballistic Gun 7 | 2 1 3 1 . . . . . . Ballistic Cannon 15 | . . 2 1 . . 4 5 . 3 Launcher 1 | . . . . . . . . . 1 Special Weapon 3 | . . . . . . . 1 . 2 Impact Weapon 17 | . . 4 . . . 5 5 1 2 Slashing Weapon . | . . . . . . . . . . Piercing Weapon . | . . . . . . . . . . Special Melee Weapon . | . . . . . . . . . . Unidentified Prototypes 1 | . . 1 . . . . . . . Parts Lost 13 | . 2 . . . . 1 5 . 5 Power 4 | . 1 . . . . 1 1 . 1 Propulsion 1 | . . . . . . . . . 1 Utility 1 | . . . . . . . 1 . . Weapon 7 | . 1 . . . . . 3 . 3 Highest Loss Streak 3 | . 1 . . . . 1 3 . 2 To Critical Strikes . | . . . . . . . . . . Average Slot Usage (%) 84 | . 94 99 99 88 77 76 80 81 79 Core 9 | . 10 10 11 11 11 9 8 9 9 Leg 19 | . 28 21 22 22 22 17 18 18 18 Device 5 | . 10 10 11 4 . 5 9 . . Storage 9 | . 14 11 11 11 11 9 9 9 9 Processor 1 | . . 11 11 6 . . . . . Hackware 4 | . . . . . . . . 14 16 Protection 3 | . . . . . . 9 9 3 . Energy Gun 2 | . 3 . . . . . 3 9 4 Energy Cannon 9 | . 2 11 11 11 11 8 12 8 8 Ballistic Gun 7 | . 21 19 10 11 11 9 . . . Ballistic Cannon 5 | . . 1 11 11 11 7 7 . 3 Special Weapon 2 | . . . . . . . . 9 7 Impact Weapon 1 | . . . . . . 1 2 . 3 Peak Build Rating 68 | 6 9 20 23 47 47 56 64 67 68 Average Rating 45 | 4 8 14 21 33 47 52 58 63 64 On Entrance 33 | . 6 9 18 23 47 47 56 64 67 Naked Turns . | . . . . . . . . . . Heaviest Build 51 | 12 15 23 24 24 23 30 32 26 51 Greatest Support 35 | 20 20 30 30 30 30 30 33 35 35 Greatest Overweight (x) 1 | . 1 1 . . . . 1 1 1 Average Overweight (x) . | . . . . . . . . . . Largest Inventory Capacity 40 | 8 8 8 8 40 40 40 40 40 40 Average Capacity 31 | 7 8 8 8 21 40 40 40 40 40 Most Carried 40 | 1 6 7 7 8 5 17 40 40 40 Average Carried 19 | . 3 5 7 6 5 8 30 39 34 Final Capacity 40 | 8 8 8 8 40 40 40 40 40 40 Final Carried 40 | 1 6 7 7 5 5 17 40 40 22 Class Distribution -------------------- 39% | Hauler-Skirmisher 17% | Bothacker-Skirmisher 14% | Hauler-Mutant 11% | Scavenger-Skirmisher 6% | Scavenger-Mutant 4% | Skirmisher Dominant Class ---------------- Scavenger-Mutant | -10/Materials Scavenger-Skirmisher | -9/Materials Skirmisher | -9/Mines Skirmisher | -9/Exiles Hauler-Skirmisher | -8/Mines Hauler-Skirmisher | -8/Materials Hauler-Skirmisher | -8/Garrison Bothacker-Skirmisher | -8/Materials Bothacker-Skirmisher | -8/Garrison Resources | -11 -10 -9 -9 -9 -8 -8 -8 -8 -8 ----------- Run | Yrd Mat Mat Min Exi Min Mat Gar Mat Gar Matter Collected 2383 | 201 261 176 22 . 102 476 503 154 488 Remotely . | . . . . . . . . . . Salvage Created 2726 | . 506 198 45 . 34 543 978 99 323 Parts 165 | . 39 16 6 . 1 39 48 5 11 Haulers Intercepted 3 | . 1 1 . . . . . 1 . Recyclers Shooed . | . . . . . . . . . . Parts Field Recycled . | . . . . . . . . . . Retrieved Matter . | . . . . . . . . . . Parts Self-Destructed . | . . . . . . . . . . Prevented . | . . . . . . . . . . Kills | -11 -10 -9 -9 -9 -8 -8 -8 -8 -8 ------- Run | Yrd Mat Mat Min Exi Min Mat Gar Mat Gar Combat Hostiles Destroyed 66 | . 13 8 4 . 1 9 26 . 5 Guns 21 | . 11 4 . . . . 5 . 1 Cannons 42 | . 2 4 4 . 1 8 21 . 2 AOE 1 | . . . . . . . . . 1 Classes Destroyed 12 | . 5 1 . . 1 2 2 . 1 Builder 1 | . . . . . . 1 . . . Hauler 3 | . 1 1 . . . . . 1 . Recycler 1 | . . . . . . 1 . . . Mechanic 2 | . 1 . . . . 1 . . . Watcher 9 | . 3 . . . . 3 . 2 1 Swarmer 20 | . 6 7 4 . . . 3 . . Grunt 31 | . 7 . . . . 8 12 . 4 Brawler 4 | . . . . . . . 4 . . Sentry 5 | . . 1 . . . 1 3 . . Hunter 1 | . . . . . 1 . . . . Programmer 4 | . . . . . . . 4 . . Behemoth 1 | . . . . . . . . . 1 Thug 1 | . . . . . . . . . 1 Best Kill Streak 9 | . 4 4 4 . 1 3 9 3 2 Combat Bots Only 9 | . 4 4 4 . 1 3 9 . 2 Max Kills in Single Turn 2 | . 2 2 1 . 1 1 1 1 2 Gunslinging 1 | . 1 . . . . . . . . Exploded 1 | . . . . . . . . . 1 Melee . | . . . . . . . . . . Uniques/NPCs Destroyed . | . . . . . . . . . . Combat | -11 -10 -9 -9 -9 -8 -8 -8 -8 -8 -------- Run | Yrd Mat Mat Min Exi Min Mat Gar Mat Gar Hostile Shots Fired 301 | . 80 28 28 . 9 30 78 . 48 Missed 83 | . 22 11 4 . 2 11 22 . 11 Damage Taken 2954 | . 655 149 191 . 97 301 865 14 682 Core 521 | . 164 24 23 . 14 64 167 . 65 Absorbed by Shields . | . . . . . . . . . . Regen/Repaired (Parts) 56 | . . . . . . 56 . . . Core Remaining (%) 72 | 100 34 . . . 84 . . . . Volleys Fired 246 | . 70 12 8 . 3 32 53 14 54 Largest 3 | . 2 3 3 . 3 3 3 2 3 Hottest 169 | . 80 124 124 . 137 137 169 125 146 Shots Fired 560 | . 138 36 24 . 9 94 154 17 88 Gun 247 | . 133 22 8 . 3 32 25 3 21 Cannon 276 | . 5 14 16 . 6 62 129 3 41 Launcher 1 | . . . . . . . . . 1 Special 36 | . . . . . . . . 11 25 Kinetic 303 | . 121 24 16 . 6 62 58 . 16 Thermal 201 | . 17 12 8 . 3 32 96 6 27 Explosive 1 | . . . . . . . . . 1 Electromagnetic 19 | . . . . . . . . . 19 Robot Hit Streak 13 | . 10 6 3 . 3 8 11 5 13 Robot Miss Streak 10 | . 4 5 10 . 9 9 8 3 3 Penetration Max . | . . . . . . . . . . Secondary Targets 2 | . 2 . . . . . . . . Max Gunslinging Chain 1 | . 1 . . . . . . . . Shots Hit Robots 325 | . 93 17 10 . 4 52 85 11 53 Core Hits 186 | . 32 11 7 . 5 45 67 3 16 Critical Kills 3 | . . 1 . . . 1 . . 1 Critical Parts Destroyed 2 | . . . . . . 1 . 1 . Critical Strikes 7 | . . 1 . . . 2 1 2 1 Burn 2 | . . . . . . . 1 1 . Meltdown 2 | . . . . . . 1 . . 1 Destroy 1 | . . 1 . . . . . . . Smash 2 | . . . . . . 1 . 1 . Melee Attacks 40 | . . 6 . . . 10 17 2 5 Impact 40 | . . 6 . . . 10 17 2 5 Slashing . | . . . . . . . . . . Piercing . | . . . . . . . . . . Sneak Attacks 3 | . . 1 . . . 1 . 1 . Combat Hostiles . | . . . . . . . . . . Follow-up Attacks . | . . . . . . . . . . Damage Inflicted 5628 | . 814 289 130 . 64 1309 2061 166 795 Guns 1617 | . 742 63 20 . 23 363 202 30 174 Cannons 3638 | . 72 153 110 . 36 829 1859 24 555 Explosions 66 | . . . . . . . . . 66 Melee 302 | . . 73 . . . 117 . 112 . Ramming 5 | . . . . . 5 . . . . Kinetic 2641 | . 658 76 60 . 59 830 812 . 146 Thermal 2470 | . 156 140 70 . . 362 1249 54 439 Explosive 66 | . . . . . . . . . 66 Electromagnetic 144 | . . . . . . . . . 144 Impact 302 | . . 73 . . . 117 . 112 . Slashing . | . . . . . . . . . . Piercing . | . . . . . . . . . . Highest Corruption 3 | . . . . . . . 3 3 3 Average Corruption 2 | . . . . . . . 2 3 3 Corruption Purged . | . . . . . . . . . . Corruption Blocked . | . . . . . . . . . . Effects 52 | . . . . . . . 13 6 33 Message Errors 14 | . . . . . . . 2 2 10 Matter Fused 9 | . . . . . . . 3 1 5 Heat Flow Errors 9 | . . . . . . . 2 2 5 Energy Discharges 7 | . . . . . . . 5 1 1 Parts Rejected 1 | . . . . . . . . . 1 Data Loss (minor) 5 | . . . . . . . 1 . 4 Data Loss (major) 2 | . . . . . . . . . 2 Misfires 2 | . . . . . . . . . 2 Alerts 2 | . . . . . . . . . 2 Weapon Failures 1 | . . . . . . . . . 1 Overload Shots . | . . . . . . . . . . Overflow Damage 191 | . . 51 . . . 28 . 112 . Projectiles . | . . . . . . . . . . Explosions . | . . . . . . . . . . Melee 191 | . . 51 . . . 28 . 112 . Knockbacks 28 | . . . 1 . 3 12 11 . 1 Impact . | . . . . . . . . . . Kinetic 28 | . . . 1 . 3 12 11 . 1 Secondary . | . . . . . . . . . . Self-Inflicted Damage 13 | . . . . . . . . . 13 Shots 1 | . . . . . . . . . 1 Rammed . | . . . . . . . . . . Targets Rammed 1 | . . . . . 1 . . . . Kicked 1 | . . . . . 1 . . . . Crushed . | . . . . . . . . . . Highest Temperature 459 | . 180 280 459 . 195 243 373 165 397 Average Temperature 98 | . 37 96 232 . 94 67 99 57 137 Received Heat Transfer 1104 | . 342 . . . . 162 315 9 276 Effects 7 | . . . 2 . . . 3 . 2 Shutdowns 4 | . . . 2 . . . . . 2 Interference 3 | . . . . . . . 3 . . Siege Activations . | . . . . . . . . . . Robots Corrupted 2 | . . 1 . . . . . 1 . Combat Hostiles . | . . . . . . . . . . Parts Fried 1 | . . . . . . . . 1 . Impact Corruptions 3 | . . 1 . . . 1 . 1 . Robots Melted 2 | . . . . . . 1 . . 1 Combat Hostiles 2 | . . . . . . 1 . . 1 Parts Melted 6 | . 1 . . . . 1 4 . . Heat Transferred 4418 | . 348 296 148 . . 592 2109 185 740 Parts Sabotaged . | . . . . . . . . . . Parts Stolen . | . . . . . . . . . . Parts Stripped . | . . . . . . . . . . Power Chain Reactions . | . . . . . . . . . . Alert | -11 -10 -9 -9 -9 -8 -8 -8 -8 -8 ------- Run | Yrd Mat Mat Min Exi Min Mat Gar Mat Gar Peak Influence 1678 | . 208 248 143 . 30 188 1678 939 1322 Initial 817 | . . 87 53 . . . 124 817 603 Average 488 | . 131 74 135 . 18 66 864 857 859 Maximum Alert Level 5 | . 1 1 . . . . 5 3 4 Low Security (%) 48 | 100 90 93 100 . 100 100 10 . . Level 1 4 | . 9 6 . . . . 8 . . Level 2 18 | . . . . . . . 26 . 50 Level 3 16 | . . . . . . . 19 100 28 Level 4 13 | . . . . . . . 32 . 21 Level 5 . | . . . . . . . 1 . . High Security . | . . . . . . . . . . Max Security . | . . . . . . . . . . Squads Dispatched 7 | . 2 3 . . . 2 . . . Investigation 4 | . 2 1 . . . 1 . . . Extermination . | . . . . . . . . . . Reinforcement 2 | . . 2 . . . . . . . Assault . | . . . . . . . . . . Garrison 1 | . . . . . . 1 . . . Intercept . | . . . . . . . . . . Searches Triggered . | . . . . . . . . . . Construction Impeded 1 | . . 1 . . . . . . . Haulers Reinforced . | . . . . . . . . . . Active Scanning Responses . | . . . . . . . . . . Cargo Convoy Interrupts . | . . . . . . . . . . Stealth | -11 -10 -9 -9 -9 -8 -8 -8 -8 -8 --------- Run | Yrd Mat Mat Min Exi Min Mat Gar Mat Gar Distress Signals 4 | . 1 1 . . . 1 . . 1 Communications Jammed . | . . . . . . . . . . Distress Signals . | . . . . . . . . . . Times Spotted 121 | . 20 10 4 . 2 19 28 4 34 Peak Tracking Total 8 | . 6 4 4 . 1 4 8 2 6 Tactical Retreats 7 | . 1 . . . . 2 3 . 1 Traps | -11 -10 -9 -9 -9 -8 -8 -8 -8 -8 ------- Run | Yrd Mat Mat Min Exi Min Mat Gar Mat Gar Traps Triggered 20 | . 1 1 . . . 1 9 . 8 Indirectly . | . . . . . . . . . . Trap Hack Attempts . | . . . . . . . . . . Triggered . | . . . . . . . . . . Disarmed 6 | . 6 . . . . . . . . Reprogrammed . | . . . . . . . . . . Reused . | . . . . . . . . . . Traps Extracted . | . . . . . . . . . . Installed . | . . . . . . . . . . Triggered . | . . . . . . . . . . Machines | -11 -10 -9 -9 -9 -8 -8 -8 -8 -8 ---------- Run | Yrd Mat Mat Min Exi Min Mat Gar Mat Gar Machines Disabled 20 | . . 3 . . . 1 13 . 3 Max in Single Turn 2 | . . 1 . . . 1 2 . 1 Garrison Relay 10 | . . . . . . . 8 . 2 Phase Generator 1 | . . . . . . . 1 . . Machines Repaired . | . . . . . . . . . . Machines Dismantled . | . . . . . . . . . . Machines Sabotaged . | . . . . . . . . . . Overloaded Fab Kills . | . . . . . . . . . . Hacking | -11 -10 -9 -9 -9 -8 -8 -8 -8 -8 --------- Run | Yrd Mat Mat Min Exi Min Mat Gar Mat Gar Machines Accessed 23 | . 6 5 . 1 . 3 4 1 3 Terminals 16 | . 4 4 . . . 1 4 . 3 Fabricators . | . . . . . . . . . . Repair Stations 1 | . . . . . . 1 . . . Recycling Units 2 | . 2 . . . . . . . . Scanalyzers 1 | . . 1 . . . . . . . Garrison Access 2 | . . . . . . 1 . 1 . Total Hacks 49 | . 14 13 . 1 . 8 7 2 4 Successful 25 | . 6 8 . 1 . 4 1 2 3 Failed 24 | . 8 5 . . . 4 6 . 1 Catastrophic 5 | . 2 . . . . . 2 . 1 Database Lockouts . | . . . . . . . . . . Manual 1 | . . . . 1 . . . . . Terminals 35 | . 11 10 . . . 3 7 . 4 Fabricators . | . . . . . . . . . . Repair Stations 3 | . . . . . . 3 . . . Recycling Units 3 | . 3 . . . . . . . . Scanalyzers 3 | . . 3 . . . . . . . Garrison Access 4 | . . . . . . 2 . 2 . Terminal Hacks 17 | . 6 5 . 1 . 1 1 . 3 Prototype ID Bank 2 | . 1 1 . . . . . . . Open Door 1 | . . . . . . . . . 1 Branch Access Points 2 | . 1 1 . . . . . . . Emergency Access Points 2 | . . 1 . . . . . . 1 Alert Level 1 | . 1 . . . . . . . . Locate Traps 2 | . 2 . . . . . . . . Disarm Traps 1 | . 1 . . . . . . . . Hauler Manifests 2 | . . 1 . . . 1 . . . Zone Layout 1 | . . 1 . . . . . . . Patrol Navigation 1 | . . . . . . . 1 . . Security Stations 1 | . . . . . . . . . 1 Derelict Proto ID Bank 1 | . . . . 1 . . . . . Fabricator Hacks . | . . . . . . . . . . Repair Station Hacks 2 | . . . . . . 2 . . . Scan Component 1 | . . . . . . 1 . . . Repair 1 | . . . . . . 1 . . . Recycling Unit Hacks . | . . . . . . . . . . Scanalyzer 3 | . . 3 . . . . . . . Insert Component 2 | . . 2 . . . . . . . Analyze 1 | . . 1 . . . . . . . Garrison Access Hacks 3 | . . . . . . 1 . 2 . Unlock Access 2 | . . . . . . 1 . 1 . Coupler Status 1 | . . . . . . . . 1 . Unauthorized Hacks . | . . . . . . . . . . Terminals . | . . . . . . . . . . Fabricators . | . . . . . . . . . . Repair Stations . | . . . . . . . . . . Recycling Units . | . . . . . . . . . . Scanalyzers . | . . . . . . . . . . Garrison Access . | . . . . . . . . . . Data Cores Recovered 1 | . . . . . . . . 1 . Used . | . . . . . . . . . . Hacking Detections 16 | . 5 4 . . . 2 4 1 . Full Trace Events 5 | . 2 1 . . . . 2 . . Feedback Events . | . . . . . . . . . . Feedback Blocked . | . . . . . . . . . . Robot Schematics Acquired . | . . . . . . . . . . Robots Built . | . . . . . . . . . . Authchips . | . . . . . . . . . . Time . | . . . . . . . . . . Total Robot Build Rating . | . . . . . . . . . . Part Schematics Acquired 1 | . . 1 . . . . . . . Parts Built . | . . . . . . . . . . Authchips . | . . . . . . . . . . Time . | . . . . . . . . . . Total Part Build Rating . | . . . . . . . . . . Parts Repaired 1 | . . . . . . 1 . . . Time 38 | . . . . . . 38 . . . Parts Recycled . | . . . . . . . . . . Recycled Matter . | . . . . . . . . . . Retrieved Matter . | . . . . . . . . . . Retrieved Components . | . . . . . . . . . . Parts Scanalyzed 1 | . . 1 . . . . . . . Part Schematics Acquired 1 | . . 1 . . . . . . . Parts Damaged . | . . . . . . . . . . Bothacking | -11 -10 -9 -9 -9 -8 -8 -8 -8 -8 ------------ Run | Yrd Mat Mat Min Exi Min Mat Gar Mat Gar Used RIF Installer 2 | . . . . . . . 1 . 1 Watcher Feeds 1 | . . . . . . . . . 1 Robots Hacked 21 | . . . . . . . . 6 15 Non-combat 4 | . . . . . . . . 4 . Combat 17 | . . . . . . . . 2 15 Robot Hacks Applied 22 | . . . . . . . . 7 15 parse_system 1 | . . . . . . . . . 1 map_earth 1 | . . . . . . . . 1 . link_fov 2 | . . . . . . . . 2 . go_dormant 1 | . . . . . . . . . 1 streamctrl_high 1 | . . . . . . . . . 1 formatsys_low 2 | . . . . . . . . 2 . formatsys_high 14 | . . . . . . . . 2 12 Relay Couplers Released 36 | . . . . . . . 27 . 9 Machine Destruction 36 | . . . . . . . 27 . 9 Attached 12 | . . . . . . . . 3 9 Fabnet Peak Effective % . | . . . . . . . . . . Robots Rewired . | . . . . . . . . . . Allies Hacked 1 | . . . . . . . 1 . . Hacks Repelled . | . . . . . . . . . . Allies | -11 -10 -9 -9 -9 -8 -8 -8 -8 -8 -------- Run | Yrd Mat Mat Min Exi Min Mat Gar Mat Gar Total Allies 19 | . . . . . . . 1 4 14 Largest Group 8 | . . . . . . . 1 2 8 Highest-Rated Group 135 | . . . . . . . 31 31 135 Highest-Rated Ally 31 | . . . . . . . 31 16 31 Total Orders 9 | . . . . . . . . . 9 STAY 7 | . . . . . . . . . 7 FOLLOW 2 | . . . . . . . . . 2 Ally Attacks 86 | . . . . . . . 6 6 74 Total Damage 1742 | . . . . . . . 102 134 1506 Kills 19 | . . . . . . . 2 1 16 Allies Corrupted . | . . . . . . . . . . Allies Melted 1 | . . . . . . . . . 1 Intel | -11 -10 -9 -9 -9 -8 -8 -8 -8 -8 ------- Run | Yrd Mat Mat Min Exi Min Mat Gar Mat Gar Robot Analysis Total . | . . . . . . . . . . Derelict Logs Recovered 1 | . . . 1 . . . . . . Drone Launches . | . . . . . . . . . . Drone Recoveries . | . . . . . . . . . . Exploration | -11 -10 -9 -9 -9 -8 -8 -8 -8 -8 ------------- Run | Yrd Mat Mat Min Exi Min Mat Gar Mat Gar Turns Passed 8502 | 60 746 1213 144 267 595 1155 2065 390 1867 Spaces Moved 4998 | 44 407 454 97 220 349 655 1359 183 1230 Core 5 | 5 . . . . . . . . . Treads . | . . . . . . . . . . Legs 4993 | 39 407 454 97 220 349 655 1359 183 1230 Wheels . | . . . . . . . . . . Hover . | . . . . . . . . . . Flight . | . . . . . . . . . . Fastest Speed 50 | 50 120 120 120 120 120 120 120 120 125 Average Speed 121 | 112 120 121 120 120 120 120 120 123 125 Slowest Speed 195 | 120 190 190 120 120 120 120 190 190 195 Overloaded Moves . | . . . . . . . . . . Propulsion Burnouts . | . . . . . . . . . . Robots Hopped . | . . . . . . . . . . Cave-ins Triggered . | . . . . . . . . . . Exploration Rate (%) 47 | 3 67 31 24 61 70 38 94 19 72 Regions Visited 9 Branch Regions 3 Pre-discovered Areas . | . . . . . . . . . . Known Exits Taken 3 | . . 1 . . . 1 . 1 . Unknown Exits Taken 5 | 1 1 . 1 1 1 . . . . Scrap Searched 1 | . . . . . 1 . . . . Spaces Dug 11 | . . 2 . . . 6 3 . . Terrain Destroyed 176 | . . 2 . . . 16 147 . 11 Melee 11 | . . 2 . . . 6 3 . . Projectile 11 | . . . . . . 10 . . 1 AOE 154 | . . . . . . . 144 . 10 Terrain Rammed . | . . . . . . . . . . Walls Destroyed . | . . . . . . . . . . Machines Disabled . | . . . . . . . . . . Actions | -11 -10 -9 -9 -9 -8 -8 -8 -8 -8 --------- Run | Yrd Mat Mat Min Exi Min Mat Gar Mat Gar Total 6897 | 51 549 1079 107 224 518 929 1635 329 1476 Wait 1331 | . 52 579 . . 166 194 110 120 110 Move 4991 | 43 406 453 96 219 348 655 1358 183 1230 Hop . | . . . . . . . . . . Pick Up 70 | 1 7 4 . 1 . 17 34 3 3 Fast Attach 30 | 6 7 6 1 1 . 2 4 1 2 Attach 23 | . 1 2 . . . 3 5 . 12 Detach 1 | . . . . . . 1 . . . Swap 51 | 1 . 10 1 . . 13 14 5 7 Drop 38 | . 6 7 1 3 . 2 5 1 13 Fire 246 | . 70 12 8 . 3 32 53 14 54 Melee 40 | . . 6 . . . 10 17 2 5 Ram . | . . . . . . . . . . Kick 1 | . . . . . 1 . . . . Crush . | . . . . . . . . . . Escape Stasis 75 | . . . . . . . 35 . 40 Rewire . | . . . . . . . . . . Trap . | . . . . . . . . . . Miscellaneous . | . . . . . . . . . . Route ------- -11/Scrapyard -10/Materials (discovered 3 exits: *Mat x2 / Min) -9/Materials -9/Mines -9/Exiles -8/Mines -8/Materials -8/Garrison (discovered 3 exits: *Mat x3) -8/Materials -8/Garrison (discovered 3 exits: [*Fac x3]) History --------- Turn | Location | Event 3 | -11/Scrapyard | Discovered new exit (range 16) 61 | -11/Scrapyard | Entered Materials 287 | -10/Materials | Identified exit to Mines 486 | -10/Materials | Core integrity fell below 50% 511 | -10/Materials | Discovered new exit (range 11) 548 | -10/Materials | Build established: Scavenger-Mutant 653 | -10/Materials | Discovered new exit (range 14) 807 | -10/Materials | Entered another Materials area 807 | -9/Materials | Evolved 2 slots: Utility x1, Weapon x1 1114 | -9/Materials | Build established: Scavenger-Skirmisher 1740 | -9/Materials | Discovered new exit (range 16) 1866 | -9/Materials | Identified exit to Mines 2020 | -9/Materials | Entered Mines 2098 | -9/Mines | A weapon hastily lodged in a ceiling crevice suddenly fell to the ground 2158 | -9/Mines | Deemed a non-threat by the Exiles lab entrance 2159 | -9/Mines | Discovered new exit (range 5) 2164 | -9/Mines | Entered Exiles 2198 | -9/Exiles | Build established: Skirmisher 2199 | -9/Exiles | Met 8R-AWN 2219 | -9/Exiles | Met EX-HEX 2255 | -9/Exiles | Met EX-BIN 2270 | -9/Exiles | Aligned with FarCom system 2271 | -9/Exiles | Given EX-Vault access code 2305 | -9/Exiles | Opened EX-Vault 2316 | -9/Exiles | Found Lightpack 2.0 2342 | -9/Exiles | Warned to stay clear of 0b10 Research branches 2374 | -9/Exiles | Met EX-DEC 2418 | -9/Exiles | Discovered new exit (range 12) 2431 | -9/Exiles | Left Exiles lab with Lightpack 2.0 2431 | -9/Exiles | Entered Mines 2717 | -8/Mines | Build established: Hauler-Skirmisher 3014 | -8/Mines | Discovered new exit (range 11) 3026 | -8/Mines | Entered Materials 3026 | -8/Materials | Evolved 2 slots: Utility x2 3271 | -8/Materials | Repaired Carbon-fiber Leg 4023 | -8/Materials | Garrison activated, responded to threat 4181 | -8/Materials | Identified exit to Garrison 4181 | -8/Materials | Entered Garrison 4327 | -8/Garrison | Triggered checkpoint 4459 | -8/Garrison | Destroyed 9 combat bots 4569 | -8/Garrison | Triggered checkpoint 4599 | -8/Garrison | Garrison Relay disabled 4703 | -8/Garrison | Triggered checkpoint 4766 | -8/Garrison | Discovered new exit (range 12) 4853 | -8/Garrison | Garrison Relay disabled 4956 | -8/Garrison | Discovered new exit (range 14) 5015 | -8/Garrison | Triggered checkpoint 5101 | -8/Garrison | Triggered checkpoint 5140 | -8/Garrison | Rescued a captive Derelict 5156 | -8/Garrison | Garrison Relay disabled 5311 | -8/Garrison | Discovered new exit (range 10) 5385 | -8/Garrison | Lost 3 parts (1p1u1w) 5395 | -8/Garrison | Garrison Relay disabled 5554 | -8/Garrison | Phase Generator disabled 5574 | -8/Garrison | Garrison Relay disabled 5658 | -8/Garrison | Garrison Relay disabled 5665 | -8/Garrison | Garrison Relay disabled 5673 | -8/Garrison | Garrison Relay disabled 5883 | -8/Garrison | Triggered checkpoint 6166 | -8/Garrison | Installed Relay Interface Framework 6246 | -8/Garrison | Entered Materials 6476 | -8/Materials | Build established: Bothacker-Skirmisher 6636 | -8/Materials | Identified exit to Garrison 6636 | -8/Materials | Entered Garrison 6636 | -8/Garrison | Accompanied by 2 allies 6655 | -8/Garrison | Expanded RIF knowledge: Watcher Feeds 6680 | -8/Garrison | Triggered checkpoint 6740 | -8/Garrison | Garrison Relay disabled 6784 | -8/Garrison | Rescued a captive Derelict 7042 | -8/Garrison | Triggered checkpoint 7560 | -8/Garrison | Triggered checkpoint 7560 | -8/Garrison | Triggered checkpoint 7596 | -8/Garrison | Triggered checkpoint 7597 | -8/Garrison | Lost 4 allies 7690 | -8/Garrison | Triggered checkpoint 7706 | -8/Garrison | Triggered checkpoint 7732 | -8/Garrison | Discovered new exit (range 15) 7860 | -8/Garrison | Garrison Relay disabled 7978 | -8/Garrison | Discovered new exit (range 10) 8089 | -8/Garrison | Discovered new exit (range 10) 8143 | -8/Garrison | Build established: Hauler-Mutant 8162 | -8/Garrison | Learned Factory security intel 8230 | -8/Garrison | Core integrity fell below 50% 8452 | -8/Garrison | Spotted B-75 Beast 8483 | -8/Garrison | Destroyed B-75 Beast 8491 | -8/Garrison | Lost 6 allies 8503 | -8/Garrison | Self-destructed Last Messages --------------- 08453_ Slug penetrates B-75 Beast. 08454_ Commando 3a destroyed. 08457_ Rogue 3a destroyed. 08466_ Ion Cannon destroyed. 08470_ Discarded Relay Coupler [Sentry]. 08471_ Discarded Relay Coupler [Duelist]. 08473_ Slug penetrates Wall. 08479_ Slug penetrates B-75 Beast. 08481_ Shock Rifle destroyed. 08481_ Knocked back. 08483_ W-25 Informer destroyed. 08483_ B-75 Beast destroyed. 08486_ Power failure, Lgt. Nuclear Core shutdown. 08498_ Acquired 97 matter. 08500_ Dropped Hrd. Heavy Armor Plating. 08501_ Dropped Relay Coupler [Sentry]. 08501_ Dropped Relay Coupler [Swarmer]. 08502_ Dropped Authchip [R/Combat]. 08503_ Dropped Relay Coupler [Demolisher]. Map ----- +----------------------------------------------------+ | ???????????????????????????????????? | | ???????????????????????????????????? | | ???????????????????????????????????? | | ???????????????????????????????????? | | ???????????????????????????????????? | | ???????????????????????????????????? | | ???????????????????????????????????? | | ???????????????????????????????????? | | ???????????????????????????????????? | | ???????????????????????????????????? | | ?????????????????????????????####### | | ?????????????????????????????# # | | ?????????????????????????????# < + | | ?????????????????????????????# # | | ???????????????????????????????# # | | ???????????????????????????????# # | | ???????????????????????????????# # | | ???????????????????????????????# # | | ???????????????????????????????# # | | ????###????????????????????????# # | | ??### ###??????????????????????# # | | ??#! /#####??????????????????# # | | ??#! /# #!#??????????????????# # | | ?##! / !%!###!################ # | | ?#! /[=!%!%=*%!! + # | | ?#!% [!=!@*[!=!!=/ + # | | ?##[ [ *!!###%########++###### # | | ??#[ ![ !#[#??????????????????# # | | ??#[ =%[#####??????????????????# # | | ??### ##??????????????#++###### # | | ????#+##???????????????# / # | | ???????????????????????#[ / # | | ??????????????????????## ###### # | | ??????????????????????# !#???# # | | ??????????????????????+ !#???# | | ??????????????????????#] !#???# | | ??????????????????????###+##???# # | | ???????????????????????????????# # | | ???????????????????????????????# # | | ???????????????????????????????# # | | ???????????????????????????????# + | | ???????????????????????????????# # | | ???????????????????????????????#^ ^# | | ???????????????????????????????+ | | ???????????????????????????????# | | ???????????????????????????????# | | ???????????????????????????????##### | | ???????????????????????????????????? | | ???????????????????????????????????? | | ???????????????????????????????????? | +----------------------------------------------------+ Best States ------------- Heat Dissipation 45 Energy Generation 14 Energy Capacity 250 Matter Stores 300 Matter Capacity 300 Sight Range 16 Robot Scan Range 14 Terrain Scan Density 10 Armor Coverage 600 Evasion (%) 55 Relay Coupler Types 2 Relay Coupler Value 42 Authchip Count 3 Item Schematics ----------------- Carbon-fiber Leg | -9/Materials | Scanalyzed Robot Schematics ------------------ None Fabricated ------------ Nothing Alien Tech Used ----------------- None Achievements -------------- Packrat Challenges ------------ None Game ------ Seed WarlordBoreFilter Manual? 0 Play Time 01:26:39 Cumulative 71.0 hours Start 2024.08.21 @ 21:24:49 End 2024.08.23 @ 16:33:09 Sessions 3 Manual Loads 0 Difficulty Rogue Special Mode None Game No. 44 Rogue 34 Adventurer 10 Explorer 0 Win Type - Total 0 Types 0/0/0/0/0/0/0/0/0 Lore% 14 Gallery% 38 Achievement% 28 Wizard Run 0 Options --------- Layout 1 ASCII 0 Keyboard 0 Movement Mouse Keybinds 0 Fullscreen 2 Font 24/Smallcaps Map View 50x35 Zoom Use 0% Tactical HUD 1 Map Filters NONE Filters NONE Steam 1 RUN: cf92afdc-e81f-44b6-809a-13370b12d942